 Dungeon Crawl Stone Soup version 0.28-a0-691-gad6df49e81 (webtiles) character file.

Game seed: 5774798521071677227

133 HilariousDeathArtist the Slasher (level 5, -15/63 HPs)
             Began as a Barachi Fighter on Oct 20, 2021.
             Was a Priest of Lugonu.
             Killed from afar by Ijyb (25 damage)
             ... with a bolt of acid
             ... on level 4 of the Dungeon.
             The game lasted 00:03:35 (2693 turns).

HilariousDeathArtist the Slasher (Barachi Fighter)  Turns: 2693, Time: 00:03:36

Health: -15/63     AC: 22    Str: 20      XL:     5   Next: 16%
Magic:  5/5        EV:  2    Int:  7 (8)  God:    Lugonu [***...]
Gold:   91         SH:  4    Dex: 11 (12) Spells: 4/4 levels left

rFire   . . .      SeeInvis .   a - +0 long sword
rCold   . . .      Faith    .   c - +0 buckler
rNeg    . . .      Spirit   .   (armour currently unavailable)
rPois   +          Reflect  .   (helmet currently unavailable)
rElec   .          Harm     .   (cloak currently unavailable)
rCorr   .          Rampage  .   (gloves currently unavailable)
Will    +....      NoTele   +   (boots currently unavailable)
Stlth   +.........              l - amulet of the acrobat
HPRegen 0.20/turn               W - ring of willpower
MPRegen 0.09/turn               (no ring)

@: mighty, tree-form, unable to read
A: stationary, stasis, torment immunity, boosted hp, (amphibious), (slowness 1),
(strong legs 1), +LOS, deterioration 1, strong 1, inability to read while
threatened
a: Renounce Religion, Depart the Abyss, Bend Space, Banish


You were on level 4 of the Dungeon.
You worshipped Lugonu.
Lugonu was most pleased with you.
You were a tree.
You visited 1 branch of the dungeon, and saw 4 of its levels.

You collected 91 gold pieces.

Inventory:

Hand Weapons
 a - a +0 long sword (weapon)
Missiles
 d - 25 arrows
 k - 6 bolts
 s - 31 stones
Armour
 b - a +0 scale mail (melded)
 c - a +0 buckler (worn)
 g - a +2 helmet (melded)
   (You took it off Robin on level 1 of the Dungeon)
Magical Staves
 e - a staff of conjuration
   (You found it on level 2 of the Dungeon)
 h - a staff of conjuration
   (You found it on level 1 of the Dungeon)
 j - a staff of air {rElec}
   (You found it on level 1 of the Dungeon)
Jewellery
 l - an amulet of the acrobat (around neck)
   (You found it on level 2 of the Dungeon)
 W - a ring of willpower (left branch)
   (You found it on level 3 of the Dungeon)
Scrolls
 f - 2 scrolls of identify {@r1}
 i - 3 scrolls of amnesia
Potions
 n - a potion of magic {unknown}
 B - a potion of brilliance


   Skills:
 + Level 4.1 Fighting
 * Level 4.9 Long Blades
 - Level 3.6 Armour
 + Level 1.4 Dodging
 + Level 3.6 Shields
 + Level 1.0 Invocations


You had 4 spell levels left.
You didn't know any spells.
Your spell library contained the following spells:

 Spells                   Type           Power      Damage    Failure   Level
 Foxfire                  Conj/Fire      0%         2x1d4     43%         1
 Conjure Flame            Conj/Fire      0%         6-21      82%         3
 Inner Flame              Hex/Fire       0%         N/A       82%         3
 Flame Wave               Conj/Fire      0%         3d3       99%         4


Dungeon Overview and Level Annotations

Branches:
Dungeon (4/15)
 Temple: D:4-7

Altars:
Xom
Lugonu

Annotations:
D:4 Ijyb


Innate Abilities, Weirdness & Mutations

You are a tree.
Your roots penetrate the ground, keeping you stationary.
You cannot be teleported.
You are immune to unholy pain and torment.
Your maximum health is greatly increased.
Your equipment is partially melded.
((You are amphibious.))
((You cover ground slowly.))
((You can hop short distances.))
You have an extended range of vision and can be seen from far away.
Your body sometimes deteriorates upon taking damage.
Your muscles are strong. (Str +2)
You sometimes lose the ability to read scrolls when taking damage.


Message History

You take 1 damage, and have 36/37 hp.
You slash the jelly!
Your hands burn!
The jelly hits you but does no damage.
You take 3 damage, and have 33/37 hp.
You hit the jelly.
You kill the jelly!
Lugonu accepts your kill.
Your Invocations skill increases to level 1!
You have reached level 5!
You regained 5 hp, and now have 38/42 hp.
MP restored: 5
There is a stone staircase leading up here.
A rat comes into view.
Health restored: 42 A rat is nearby!
A rat is nearby!
You closely miss the rat. The rat barely misses you.
You closely miss the rat. The rat bites you.
You take 2 damage, and have 40/42 hp.
You barely miss the rat. The rat bites you but does no damage.
You slash the rat!
You kill the rat!
Lugonu accepts your kill.
No target in view!
No target in view!
No target in view!
No target in view!
No target in view!
Done exploring.
Health restored: 42 Done exploring.
No target in view!
No target in view!
No target in view!
No target in view!
Done exploring.
(D) Dungeon
Where to? (Enter - D:3, ? - help)
There is a stone staircase leading down here.
You climb downwards.
There is a stone staircase leading up here.
Unknown command.
Found a stone staircase leading down.
Ijyb the Twisted Goblin comes into view.
She is wielding a +0 club and carrying a wand of acid (6).
A worm comes into view.
It was a potion of mutation.
You feel extremely strange.
You lose the ability to read scrolls when threatened.
You feel yourself wasting away.
You feel stronger.
It was a potion of flight.
You feel very buoyant.
You fly up into the air.
As you read the scroll labelled SENGAL DOUMAYPSAM, it crumbles to dust.
It is a scroll of amnesia.
You feel forgetful for a moment.
As you read the scroll labelled SYSEID JEZIS, it crumbles to dust.
Wisps of shadow whirl around you...
It was a scroll of summoning.
Ijyb completely misses you.
You closely miss Ijyb.
Your giant cockroach bites Ijyb but does no damage.
You block Ijyb's attack.
You closely miss Ijyb.
Your giant cockroach barely misses Ijyb.
Ijyb zaps a wand.
The bolt of acid hits you! The bolt of acid hits your necrophage!!
Your necrophage is destroyed!
Your necrophage's corpse dissolves into shadows!
Your giant cockroach bites Ijyb but does no damage.
You take 8 damage, and have 34/42 hp.
Unknown command.
You reach down and open the door.
Your giant cockroach bites Ijyb.
Ijyb zaps a wand.
The bolt of acid misses you.
Unknown command.
As you read the scroll labelled ENOCAPL KARIGO, it crumbles to dust.
It is a scroll of enchant armour.
Your +1 helmet glows green for a moment.
Your giant cockroach closely misses Ijyb.
Ijyb hits you with a +0 club.
Your body deteriorates!
You feel dopey.
You take 5 damage, and have 29/42 hp.
Unknown command.
It was a potion of lignification.
You turn into a tree.
Your +2 helmet melds into your body.
Your +0 scale mail melds into your body.
Your roots penetrate the ground.
Your giant cockroach completely misses Ijyb.
Ijyb zaps a wand.
The bolt of acid hits you!!
You feel threatened and lose the ability to read scrolls!
Ouch! That really hurt!
* * * LOW HITPOINT WARNING * * *
Your body deteriorates!
You feel clumsy.
You now have 10/63 hp.
Unknown command.
You feel very mighty all of a sudden.
Your giant cockroach bites Ijyb but does no damage.
Ijyb zaps a wand.
The bolt of acid hits you!!
You die...

.............#
.............#
.............#
.......[.....#
.w...........#
..........!..# ......
...
#.##+##.w###'####...#
#..........g♣....#
......#..##B###.#
.... ##.##.# ..
#..#.# ##.#.#
######.#.# #........#
#.###.#..#
#.###...#.#..#


You could see Ijyb (ally target), a worm and a friendly giant cockroach
(summoned).

Vanquished Creatures
  A jelly (D:3)
  Robin (D:1)
  2 adders
  3 dart slugs
  4 bats
  6 endoplasms
  A giant cockroach (D:3)
  9 hobgoblins
  5 kobolds
  3 quokkas
  10 ball pythons
  5 frilled lizards
  11 goblins
  4 rats
65 creatures vanquished.

Vanquished Creatures (others)
  4 fungi (D:1)
  4 plants (D:1)
8 creatures vanquished.

Grand Total: 73 creatures vanquished

Notes
Turn   | Place    | Note
-------+----------+-------------------------------------------
     0 | D:1      | HilariousDeathArtist the Barachi Fighter began the quest
                  | for the Orb.
     0 | D:1      | Reached XP level 1. HP: 18/18 MP: 1/1
    98 | D:1      | Reached skill level 3 in Long Blades
   132 | D:1      | Reached XP level 2. HP: 24/24 MP: 2/2
   333 | D:1      | Found a faded altar of an unknown god.
   397 | D:1      | Prayed at the altar of an unknown god.
   397 | D:1      | Became a worshipper of Lugonu the Unformed
   397 | D:1      | Reached * piety under Lugonu
   397 | D:1      | Reached ** piety under Lugonu
   413 | D:1      | Reached skill level 4 in Long Blades
   659 | D:1      | Reached XP level 3. HP: 27/30 MP: 3/3
  1217 | D:2      | Found a shimmering altar of Xom.
  1292 | D:2      | Noticed Robin
  1373 | D:1      | HP: 9/45 [Robin (3)]
  1376 | D:1      | Killed Robin
  1377 | D:1      | Reached XP level 4. HP: 11/37 MP: 2/4
  1646 | D:2      | Reached skill level 1 in Dodging
  1649 | D:2      | Reached skill level 4 in Fighting
  2009 | D:3      | Reached *** piety under Lugonu
  2508 | D:3      | Reached skill level 1 in Invocations
  2508 | D:3      | Reached XP level 5. HP: 38/42 MP: 5/5
  2679 | D:4      | Noticed Ijyb
  2683 | D:4      | Gained mutation: You sometimes lose the ability to read
                  | scrolls when taking damage. [potion of mutation]
  2683 | D:4      | Gained mutation: Your body sometimes deteriorates upon
                  | taking damage. [potion of mutation]
  2683 | D:4      | Gained mutation: Your muscles are strong. (Str +2) [potion
                  | of mutation]
  2692 | D:4      | HP: 10/63 [Ijyb/bolt of acid (35)]
  2693 | D:4      | Killed from afar by Ijyb

Illustrated notes

Levels and vault maps discovered:
D:1:      ncdulo_lavacross, layout_loops_ring,
          shapermc_ecumenical_altar_mp_urbaneastern
D:2:      layout_loops_ring, basic_altar, uniq_robin
D:3:      layout_loops_ring, eino_tiny_chamber
D:4:      layout_basic, uniq_blork_the_orc, uniq_edmund, uniq_ijyb

Skill      XL: |  1  2  3  4 |
---------------+-------------+-----
Long Blades    | 3 4 |  4.9
Dodging        | 1 |  1.4
Fighting       | 4 |  4.1
Invocations    | 1 |  1.0
Armour         | |  3.6
Shields        | |  3.6

Action                   |  1- 3 |  4- 6 || total
-------------------------+-------+-------++-------
Melee: Long sword        |   120 |    67 ||   187
Throw: Stone             |     2 |       ||     2
Invok: Bend Space        |     2 |       ||     2
  Use: Potion            |     1 |     4 ||     5
       Scroll            |       |     5 ||     5
Armor: Scale mail        |    62 |    26 ||    88
Dodge: Dodged            |    60 |    30 ||    90
Block: Buckler           |    31 |    17 ||    48

Table legend: (Time is in decaauts)
 A = Elapsed time spent in this place.
 B = Non-inter-level travel time spent in this place.
 C = Inter-level travel time spent in this place.
 D = Time resting spent in this place.
 E = Time spent auto-exploring this place.
 F = Levels seen in this place.
 G = Mean time per level.
                   A        B        C        D        E       F      G
               +--------+--------+--------+--------+--------+-----+--------+
         Total |   3095 |   2996 |     99 |    402 |   2033 |   4 |  773.8 |
       Dungeon |   3095 |   2996 |     99 |    402 |   2033 |   4 |  773.8 |
               +--------+--------+--------+--------+--------+-----+--------+

Top non-repeatable levels by time:
     D:1: 1355 daAuts
     D:2: 898 daAuts
     D:3: 802 daAuts
     D:4: 39 daAuts

Table legend:
 A = Kills in this place as a percentage of kills in entire the game.
 B = Kills by you in this place as a percentage of kills by you in the entire game.
 C = Kills by friends in this place as a percentage of kills by friends in the entire game.
 D = Other kills in this place as a percentage of other kills in the entire game.
 E = Experience gained in this place as a percentage of experience gained in the entire game.
 F = Experience gained in this place divided by the number of levels of this place that you have seen.
                   A       B       C       D       E      F
               +-------+-------+-------+-------+-------+----------------------
         Total | 100.0 | 100.0 |   N/A |   N/A | 100.0 |  47.5
       Dungeon | 100.0 | 100.0 |   N/A |   N/A | 100.0 |  47.5
               +-------+-------+-------+-------+-------+----------------------
